 Dungeon Sprint DCSS version 0.29-a0-723-gce39da1c22 (webtiles) character file.

Game seed: 9841453464010884991

524 Hipnos the Arsonist (level 7, -6/36 HPs)
             Began as a Deep Elf Fire Elementalist on June 28, 2022.
             Mangled by a boulder beetle (42 damage)
             ... in the Dungeon (Sprint II: "The Violet Keep of Menkaure").
             The game lasted 00:02:37 (242 turns).

Hipnos the Arsonist (Deep Elf Fire Elementalist)     Turns: 242, Time: 00:02:37

Health: -6/36      AC:  2    Str:  5    XL:     7   Next: 2%
Magic:  13/22      EV: 15    Int: 22    God:
Gold:   486        SH:  0    Dex: 15    Spells: 13/26 levels left

rFire   . . .      SeeInvis .   (no weapon)
rCold   . . .      Faith    .   (no shield)
rNeg    . . .      Spirit   .   a - +0 robe
rPois   .          Reflect  .   (no helmet)
rElec   .          Harm     .   (no cloak)
rCorr   .          Rampage  .   (no gloves)
Will    .....      NoTele   +   (no boots)
Stlth   +++.......              (no amulet)
HPRegen 0.12/turn               (no ring)
MPRegen 0.18/turn               (no ring)

@: no status effects
A: no striking features
a: no special abilities


You were in the Dungeon.
You visited 1 branch You collected 486 gold pieces.

Inventory:

Armour
 a - a +0 robe (worn)
Scrolls
 g - a scroll of blinking
Potions
 b - 2 potions of magic
 c - a potion of curing
 d - a potion of heal wounds
 e - a potion of haste
 f - a potion of berserk rage


   Skills:
 + Level 0.1 Fighting
 + Level 6.3 Dodging
 + Level 4.8 Stealth
 + Level 10.3 Spellcasting
 + Level 4.4 Conjurations
 + Level 12.3 Fire Magic


You had 13 spell levels left.
You knew the following spells:

 Your Spells              Type           Power      Damage    Failure   Level
a - Foxfire               Conj/Fire      100%       2x1d9     1%          1
b - Scorch                Fire           100%       2d10      1%          2
c - Conjure Flame         Conj/Fire      48%        6-21      1%          3
d - Flame Wave            Conj/Fire      48%        2d10      1%          4
e - Inner Flame           Hex/Fire       38%        N/A       1%          3

Your spell library contained the following spells:

 Spells                   Type           Power      Damage    Failure   Level


Dungeon Overview and Level Annotations

Branches:
Dungeon (1/1)

Altars:


Message History

Your Fire Magic skill increases to level 12!
You have reached level 7!
You see here a scorpion corpse.
You start resting.
HP restored.
You start resting.
Magic restored.
There is an open door here.
Found 243 gold pieces.
You now have 486 gold pieces (gained 243).
There is an open door here.
You see here a scorpion corpse.
There is a staircase leading out of the dungeon here.
Memorise Inner Flame, consuming 3 spell levels and leaving 13?
You start memorising the spell.
You continue memorising. x3
You finish memorising.
Spell assigned to 'e'.
You open the door. 2 boulder beetles come into view.
Found 243 gold pieces.
Casting: Flame Wave (dangerous; 1% risk of failure)
Confirm with . or Enter, or press ? or * to list all spells.
Okay, then.
Casting: Flame Wave (dangerous; 1% risk of failure)
Confirm with . or Enter, or press ? or * to list all spells.
The fire begins to smoulder!
The boulder beetle curls into a ball and begins rolling!
The fire ignites!
There is a staircase leading out of the dungeon here.
Casting: Conjure Flame (safe; 1% risk of failure)
Confirm with . or Enter, or press ? or * to list all spells.
Casting: Flame Wave (dangerous; 1% risk of failure)
Press: ? - help, Dir - look around, f - activate A wave of flame ripples out! (Press . to intensify the flame waves.)
A wave of flame ripples out!
A wave of flame ripples out!
The flame wave engulfs the boulder beetle but does no damage. x2
You finish channelling waves of flame.
The boulder beetle hits you!!!
Ouch! That really hurt!
You die...

## ## ##$ .##
.. .. ### °#B
###
#.###°###.##
##..##B##...#
+.##'†@.).#.+
##..##.##...#
#.###+###.##
### ###


You could see 2 boulder beetles.

Vanquished Creatures
  A merfolk siren (D)
  4 scorpions (D)
5 creatures vanquished.

Vanquished Creatures (others)
  A water moccasin (D)
  20 foxfires (D)
21 creatures vanquished.

Grand Total: 26 creatures vanquished

Notes
Turn   | Place    | Note
-------+----------+-------------------------------------------
     0 | D        | Hipnos the Deep Elf Fire Elementalist began the quest for
                  | the Orb.
     0 | D        | Reached XP level 1. HP: 10/10 MP: 6/6
     1 | D        | Noticed a merfolk siren
    18 | D        | Killed a merfolk siren
    19 | D        | Reached skill level 5 in Dodging
    19 | D        | Reached skill level 10 in Fire Magic
    19 | D        | Reached XP level 2. HP: 15/15 MP: 2/14
    19 | D        | Reached XP level 3. HP: 19/19 MP: 2/15
    19 | D        | Reached XP level 4. HP: 24/24 MP: 2/17
    19 | D        | Reached XP level 5. HP: 28/28 MP: 2/18
    19 | D        | Reached XP level 6. HP: 32/32 MP: 2/20
    33 | D        | Killed a water moccasin
   136 | D        | Learned a level 2 spell: Scorch
   140 | D        | Learned a level 3 spell: Conjure Flame
   145 | D        | Learned a level 4 spell: Flame Wave
   153 | D        | Reached skill level 11 in Fire Magic
   156 | D        | Reached skill level 10 in Spellcasting
   156 | D        | Reached skill level 12 in Fire Magic
   156 | D        | Reached XP level 7. HP: 30/36 MP: 10/22
   236 | D        | Learned a level 3 spell: Inner Flame
   237 | D        | Noticed a boulder beetle
   237 | D        | Noticed a boulder beetle
   242 | D        | Mangled by a boulder beetle

Illustrated notes

Levels and vault maps discovered:
D:        the_violet_keep_of_menkaure [sprint2_stairs_cluster_1,
          sprint2_shoproom, sprint2_temple, sprint2_basic_supplies,
          sprint2_obstacle_1, sprint2_obstacle_7, sprint2_obstacle_5,
          sprint2_obstacle_3, sprint2_obstacle_4, sprint2_timed_cluster_1,
          sprint2_smallroom_cluster_1, sprint2_smallroom_final_cluster_1,
          sprint2_transparent_cluster_1, sprint2_second_timed_cluster_1,
          sprint2_sniper_area_1, sprint2_heavy_combat_area_1,
          sprint2_mutation_trap_area_1, sprint2_forest_area_1,
          sprint2_light_combat_area_1, sprint2_behind_water_1,
          sprint2_near_end_vault_1]

Skill      XL: |  1  2  3  4  5  6 |
---------------+-------------------+-----
Dodging        | 5 6 |  6.3
Stealth        | 4 |  4.8
Spellcasting   | 9 10 | 10.3
Conjurations   | 3 4 |  4.4
Fire Magic     | 10 12 | 12.3
Fighting       | |  0.1

Action                   |  1- 3 |  4- 6 |  7- 9 || total
-------------------------+-------+-------+-------++-------
 Cast: Foxfire           |    11 |       |       ||    11
       Flame Wave        |       |     2 |     1 ||     3
       Conjure Flame     |       |       |     1 ||     1
  Use: Potion            |     1 |       |       ||     1

Table legend: (Time is in decaauts)
 A = Elapsed time spent in this place.
 B = Non-inter-level travel time spent in this place.
 C = Inter-level travel time spent in this place.
 D = Time resting spent in this place.
 E = Time spent auto-exploring this place.
 F = Levels seen in this place.
 G = Mean time per level.
                   A        B        C        D        E       F      G
               +--------+--------+--------+--------+--------+-----+--------+
         Total |    242 |    242 |      0 |    168 |      0 |   1 |  242.0 |
       Dungeon |    242 |    242 |      0 |    168 |      0 |   1 |  242.0 |
               +--------+--------+--------+--------+--------+-----+--------+

Top non-repeatable levels by time:
       D: 242 daAuts
